 Dungeon Crawl Stone Soup version 0.28-a0-1632-g283549b12f (webtiles) character file.

Game seed: 6503121628839682554

50 Lekart the Skirmisher (level 3, -2/33 HPs)
             Began as a Draconian Chaos Knight on Jan 23, 2022.
             Was a Plaything of Xom.
             Slain by Sigmund (8 damage)
             ... on level 2 of the Dungeon on Jan 25, 2022.
             The game lasted 00:04:25 (1370 turns).

Lekart the Skirmisher (Draconian Chaos Knight)      Turns: 1370, Time: 00:04:26

Health: -2/33      AC:  5    Str: 14    XL:     3   Next: 55%
Magic:  4/4        EV: 12    Int: 12    God:    Xom [.....*]
Gold:   87         SH:  0    Dex: 12    Spells: 4/4 levels left

rFire   . . .      SeeInvis .   a - +1 short sword (chaos)
rCold   . . .      Faith    .   (no shield)
rNeg    . . .      Spirit   .   (armour unavailable)
rPois   +          Reflect  .   (helmet restricted)
rElec   .          Harm     .   (no cloak)
rCorr   .          Rampage  .   (no gloves)
Will    .....                   (no boots)
Stlth   +.........              (no amulet)
HPRegen 0.11/turn               (no ring)
MPRegen 0.09/turn               (no ring)

@: confused, ambrosia-drunk
A: AC +5, unfitting armour, cold-blooded, poison resistance
a: Renounce Religion


You were on level 2 of the Dungeon.
You worshipped Xom.
You were Xom's teddy bear.
You visited 1 branch of the dungeon, and saw 2 of its levels.

You collected 87 gold pieces.

Inventory:

Hand Weapons
 a - a +1 short sword of chaos (weapon)
Missiles
 d - 2 throwing nets (quivered)
Jewellery
 c - a ring of resist corrosion
 f - an amulet of the acrobat
Scrolls
 b - a scroll of teleportation
Potions
 h - a potion of attraction


   Skills:
 + Level 3.8 Fighting
 + Level 3.6 Short Blades
 + Level 2.5 Dodging
 * Level 1.1 Spellcasting


You had 4 spell levels left.
You didn't know any spells.
Your spell library contained the following spells:

 Spells                   Type           Power      Damage    Failure   Level
 Gell's Gravitas          Tloc           0%         N/A       65%         3
 Lesser Beckoning         Tloc           0%         N/A       65%         3
 Teleport Other           Tloc           0%         N/A       65%         3


Dungeon Overview and Level Annotations

Branches:
Dungeon (2/15)

Altars:

Annotations:
D:2 Sigmund


Innate Abilities, Weirdness & Mutations

Your plain brown scales are hard. (AC +5)
You cannot fit into any form of body armour.
You are cold-blooded and may be slowed by cold attacks.
Your system is resistant to poisons. (rPois)


Message History

You hit the rat. You freeze the rat.
You kill the rat!
An endoplasm is nearby!
An endoplasm is nearby!
An endoplasm is nearby!
An endoplasm is nearby!
An endoplasm is nearby!
An endoplasm is nearby!
Something hits you.
An endoplasm is nearby!
An endoplasm is nearby!
An endoplasm is nearby!
Something hits you but does no damage.
An endoplasm is nearby!
An endoplasm is nearby!
You miss something.
Your tail-slap misses something.
Something hits you.
You hit something.
Nothing appears to happen.
You hit something but do no damage.
You hear some strange, mumbled words.
Something tries to affect you, but you resist.
You hit something. You burn something.
Your tail-slap misses something.
Something completely misses you.
You completely miss something. Something hits you.
You hit something. You hit something. Something hits you!
You completely miss something. You completely miss something.
Something hits you.
You closely miss something. Something hits you!
* * * LOW HITPOINT WARNING * * *
You miss something.
An endoplasm is nearby!
An endoplasm is nearby!
It was a potion of ambrosia.
You are confused.
You feel invigorated.
Xom thinks this is hilarious!
Something hits you!
* * * LOW HITPOINT WARNING * * *
You bump into the rock wall.
Something hits you!
You die...

##########.#
#....≈≈≈##.##.#.#.# #.....#
#.)....≈##....#.#.#
#.########.########.##...#..
##...................##.###
# #.....######.##########.#
# #.###.# #.# #.##### ##
#...#.# #.# #...... .#
##...#.# #.# #####.. .#
#......# #@# #.# .# #.#.#..#
###{######## #.. .# #.#....#
#..J.......# ### #
#.#...#####..........#
######..............J.....
...# #......##............
##.###......##............
............##............
##.####.######............


You could see an endoplasm.

Vanquished Creatures
  A river rat (D:2)
  A worm (D:2)
  4 bats
  An endoplasm (D:2)
  A giant cockroach (D:2)
  3 goblins (D:2)
  5 hobgoblins
  4 jackals (D:2)
  A quokka (D:1)
  2 ball pythons
  4 frilled lizards
  4 kobolds
  6 rats
37 creatures vanquished.

Notes
Turn   | Place    | Note
-------+----------+-------------------------------------------
     0 | D:1      | Lekart the Draconian Chaos Knight began the quest for the
                  | Orb.
     0 | D:1      | Reached XP level 1. HP: 19/19 MP: 1/1
    42 | D:1      | XOM: silly message
   103 | D:1      | XOM: silly message
   238 | D:1      | Reached XP level 2. HP: 26/26 MP: 2/2
   488 | D:1      | XOM: silly message
   515 | D:1      | Found a faded altar of an unknown god.
   752 | D:2      | Reached skill level 1 in Spellcasting
   752 | D:2      | Reached XP level 3. HP: 18/33 MP: 4/4
   881 | D:2      | XOM: give mutation
   881 | D:2      | Gained mutation: Your system is resistant to poisons.
                  | (rPois) [Xom's grace]
  1055 | D:2      | Upgraded the game from 0.28-a0-1622-gc30f734a66 to
                  | 0.28-a0-1632-g283549b12f
  1344 | D:2      | Noticed Sigmund
  1369 | D:2      | HP: 1/33 [something (8)]
  1370 | D:2      | Slain by Sigmund

Illustrated notes

Levels and vault maps discovered:
D:1:      amcnicky_arrival_flooded_fountain, layout_basic,
          hellmonk_ecumenical_altar_inner_sanctum, nicolae_figureground_sparkle
D:2:      layout_basic, minmay_goblin_outpost, uniq_sigmund

Skill      XL: |  1  2 |
---------------+-------+-----
Spellcasting   | 1 |  1.1
Fighting       | |  3.8
Short Blades   | |  3.6
Dodging        | |  2.5

Action                   || total
-------------------------++-------
Melee: Short sword       ||    90
       Tailslap          ||     8
  Use: Scroll            ||     4
       Potion            ||     1
 Stab: Sleeping          ||     1
       Paralysed         ||     1
Armor: Skin              ||    26
Dodge: Dodged            ||    62

Table legend: (Time is in decaauts)
 A = Elapsed time spent in this place.
 B = Non-inter-level travel time spent in this place.
 C = Inter-level travel time spent in this place.
 D = Time resting spent in this place.
 E = Time spent auto-exploring this place.
 F = Levels seen in this place.
 G = Mean time per level.
                   A        B        C        D        E       F      G
               +--------+--------+--------+--------+--------+-----+--------+
         Total |   1363 |   1106 |    257 |    227 |    609 |   2 |  681.5 |
       Dungeon |   1363 |   1106 |    257 |    227 |    609 |   2 |  681.5 |
               +--------+--------+--------+--------+--------+-----+--------+

Top non-repeatable levels by time:
     D:2: 804 daAuts
     D:1: 559 daAuts
